 Dungeon Crawl Stone Soup version 0.31.0-11-ge490571c62 (webtiles) character file.

Game seed: 16478098886152495812

127 firemarshallily the Sneak (level 5, -5/49 HPs)
             Began as a Naga Brigand on Feb 6, 2024.
             Slain by an orc
             ... wielding a +0 falchion
              (6 damage)
             ... on level 3 of the Dungeon.
             The game lasted 00:09:42 (2691 turns).

firemarshallily the Sneak (Naga Brigand)            Turns: 2691, Time: 00:09:42

Health: -5/49      AC:  3    Str: 14    XL:     5   Next: 11%
Magic:  5/5        EV:  9    Int: 11    God:
Gold:   7          SH:  0    Dex: 14    Spells: 4/4 levels left

rFire   . . .        a - +2 dagger
rCold   . . .        (no shield)
rNeg    . . .        b - +0 robe
rPois   +            (no helmet)
rElec   .            c - +0 cloak
rCorr   .            (no gloves)
SInv    +            (no barding)
Will    .....        g - amulet of the acrobat
Stlth   ++++         i - ring of wizardry
HPRegen 0.28/turn    (no ring)
MPRegen 0.09/turn

%: acrobat, wizardry (x1)
@: hasted, quick
A: AC +1, large, see invisible, deformed body, poison resistance, slowness 2,
spit poison 1, naga tail 1
a: Spit Poison


You were on level 3 of the Dungeon.
You visited 1 branch of the dungeon, and saw 3 of its levels.

You collected 106 gold pieces.
You spent 99 gold pieces at shops.

Inventory:

Hand Weapons
 a - a +2 dagger (weapon)
 k - a +1 dagger of protection
Missiles
 d - 12 poisoned darts
 e - 3 curare-tipped darts
Armour
 b - a +0 robe (worn)
 c - a +0 cloak (worn)
Jewellery
 g - an amulet of the acrobat (around neck)
 i - a ring of wizardry (left hand)
Wands
 h - a wand of flame (15)
Scrolls
 f - a scroll of fear {unknown}
 l - a scroll of poison
 o - a scroll of amnesia
 p - a scroll of vulnerability
 q - a scroll of summoning
 r - a scroll of torment {unknown}
 s - 2 scrolls of teleportation {unknown}


   Skills:
 * Level 3.4 Fighting
 * Level 3.2 Short Blades
 - Level 1.7 Throwing
 - Level 0.7 Dodging
 * Level 7.2 Stealth


You had 4 spell levels left.
You didn't know any spells.
Your spell library was empty.

Dungeon Overview and Level Annotations

Branches:
Dungeon (3/15)

Altars:

Shops:
D:1 [!(=   D:2 *((!*

Annotations:
D:2 1 runed translucent door, Crazy Yiuf


Innate Abilities, Weirdness & Mutations

Your serpentine skin is tough. (AC +1)
You have supernaturally acute eyesight. (SInv)
Armour fits poorly on your strangely shaped body.
Your system is resistant to poisons. (rPois)
You cover ground very slowly.
You can spit poison.
You have a snake-like lower body.


Message History

It was a potion of haste.
You feel yourself speed up. The orc wizard barely misses you.
The orc hits you but does no damage.
You barely miss the orc.
The orc is lightly wounded.
The orc wizard closely misses you. The orc hits you with a +0 club.
* * * LOW HITPOINT WARNING * * *
You hit the orc wizard but do no damage.
The orc wizard is severely wounded.
The orc wizard hits you with a +0 dagger.
* * * LOW HITPOINT WARNING * * *
You hit the orc wizard.
The orc wizard is severely wounded.
The orc barely misses you.
You hit the orc wizard.
The orc wizard is almost dead.
The orc wizard casts a spell.
The orc wizard flickers and vanishes for a moment.
You hit the orc wizard.
The orc wizard is almost dead.
The orc closely misses you.
You hit the orc wizard but do no damage.
The orc wizard is almost dead.
You hit the orc wizard.
You kill the orc wizard!
You have reached level 5!
You hit the orc. You punch the orc, but do no damage.
The orc is moderately wounded.
You hit the orc but do no damage.
The orc is moderately wounded.
The orc hits you with a +0 club.
* * * LOW HITPOINT WARNING * * *
The orc hits you with a +0 falchion.
* * * LOW HITPOINT WARNING * * *
You hit the orc.
The orc is severely wounded.
The orc hits you with a +0 club.
* * * LOW HITPOINT WARNING * * *
It was a potion of magic.
Magic courses through your body. The orc hits you with a +0 falchion.
You die...

..........# #.# #.
..........# ##<# ...
####......# ##..# ....
#......# ###...##..#
#......#######.........###
#......†......)..oo.......
#......####".#[#..###.#...
#......###..##o#..# ..
#...^....#.#.@o...##...#
#......#.............#
###.##.##............# #..
#.###...........#
#.###...............#
#.#......††...........
....##.#............$
........#.............
.....####...........#.


You could see 2 orcs.

Vanquished Creatures
  Terence (D:2)
  An orc wizard (D:3)
  2 adders
  A dart slug (D:1)
  2 orcs (D:3)
  4 ball pythons
  8 endoplasms
  2 giant cockroaches
  4 goblins
  3 hobgoblins
  10 jackals
  3 bats
  A frilled lizard (D:2)
  3 kobolds (D:1)
  6 rats
51 creatures vanquished.

Notes
Turn   | Place    | Note
-------+----------+-------------------------------------------
     0 | D:1      | firemarshallily the Naga Brigand began the quest for the
                  | Orb.
     0 | D:1      | Reached XP level 1. HP: 19/19 MP: 1/1
    68 | D:1      | Found Sirch's Weapon Shop.
    80 | D:1      | Found Onyolom's Distillery.
    89 | D:1      | Reached skill level 6 in Stealth
   113 | D:1      | Found Qonicre's Antique Armour Shop.
   156 | D:1      | Reached XP level 2. HP: 26/26 MP: 2/2
   290 | D:1      | Found Cuth's Jewellery Boutique.
   898 | D:1      | Reached XP level 3. HP: 31/33 MP: 3/3
  1046 | D:1      | Bought a potion of curing for 33 gold pieces
  1155 | D:2      | Found Fabb's Weapon Shoppe.
  1242 | D:2      | Found Furphe Zatu's Assorted Antiques.
  1306 | D:2      | Found Lusui's Distillery.
  1497 | D:2      | Found Ylliof's Antique Weapon Emporium.
  1510 | D:2      | Found Pefasu's General Store.
  1527 | D:2      | Noticed Terence
  1549 | D:2      | Killed Terence
  1550 | D:2      | Reached XP level 4. HP: 6/42 MP: 4/4
  2112 | D:2      | Found a runed translucent door.
  2113 | D:2      | Noticed Crazy Yiuf
  2526 | D:2      | Bought a scroll labelled FUGUDDAUHE for 22 gold pieces
  2526 | D:2      | Bought a scroll labelled BUIMI UCZOPP for 22 gold pieces
  2526 | D:2      | Bought a scroll labelled QOTWUW MESO for 22 gold pieces
  2604 | D:3      | Reached skill level 7 in Stealth
  2688 | D:3      | Reached XP level 5. HP: 10/49 MP: 5/5
  2690 | D:3      | HP: 1/49 [orc/+0 club (5)]
  2691 | D:3      | Slain by an orc

Illustrated notes

Levels and vault maps discovered:
D:1:      amcnicky_arrival_feature_with_door, layout_loops_corners,
          serial_shops, nicolae_shop_stone, nicolae_shop_rolling_square, shop,
          nicolae_shop_industrial_runoff
D:2:      layout_loops_corners, serial_glass, glass_columns_a, glass_columns_b,
          serial_shops, nicolae_square_shop, nicolae_shop_industrial_runoff,
          shop, shop_statue, nicolae_shop_trees, uniq_terence,
          uniq_crazy_yiuf_cottage
D:3:      layout_rooms, lemuel_doored_altar, minmay_distorted

Skill      XL: |  1  2  3  4 |
---------------+-------------+-----
Stealth        | 6 7 |  7.2
Fighting       | 3 |  3.4
Short Blades   | 3 |  3.2
Throwing       | |  1.7
Dodging        | |  0.7

Action                     |  1- 3 |  4- 6 || total
---------------------------+-------+-------++-------
  Melee: Dagger            |    78 |    65 ||   143
         Punch             |       |     2 ||     2
  Throw: Dart              |     1 |       ||     1
Ability: Spit Poison       |     7 |    10 ||    17
    Use: Scroll            |     1 |     4 ||     5
         Potion            |     4 |     3 ||     7
   Stab: Sleeping          |    12 |     4 ||    16
 Armour: Robe              |    57 |    48 ||   105
  Dodge: Dodged            |    50 |    35 ||    85
